 Dungeon Crawl Stone Soup version 0.18-a0-1643-gb89d9db (webtiles) character file.

173 Ijustatesigmund the Sneak (level 5, -3/48 HPs)
             Began as a Kobold Assassin on Mar 28, 2016.
             Slain by a worker ant (7 damage)
             ... on level 4 of the Dungeon.
             The game lasted 00:09:21 (3148 turns).

Ijustatesigmund the Sneak (Kobold Assassin)         Turns: 3148, Time: 00:09:21

Health: -3/48      AC:  4    Str: 15    XL:     5   Next: 83%
Magic:  5/5        EV: 15    Int:  9    God:
Gold:   125        SH:  0    Dex: 18    Spells: 0 memorised, 4 levels left

rFire  . . .     SeeInvis .     a - +2 dagger
rCold  . . .     Gourm    .     h - +0 leather armour
rNeg   . . .     Faith    .     (shield restricted)
rPois  .         Spirit   .     (no helmet)
rElec  .         Dismiss  .     d - +0 cloak
rCorr  .         Reflect  .     (no gloves)
SustAt .         Harm     .     (no boots)
MR     .....                    (no amulet)
Stlth  ..........               (no ring)
                                (no ring)

@: berserking, very quick, not resistant to hostile enchantments, extremely
unstealthy
A: carnivore 3
a: no special abilities


You were on level 4 of the Dungeon.
You were very full.

You visited 1 branch of the dungeon, and saw 4 of its levels.

You collected 125 gold pieces.

Inventory:

Hand Weapons
 a - a +2 dagger (weapon)
 b - a +2 blowgun
Missiles
 e - 23 poisoned needles
 f - 2 curare-tipped needles
Armour
 c - a +0 robe
 d - a +0 cloak (worn)
 h - a +0 leather armour (worn)
Scrolls
 o - a scroll of noise
Potions
 k - 2 potions of mutation
 l - a potion of might
 m - a potion of magic
 n - a potion of berserk rage
 p - a potion of agility {unknown}
 q - a potion of cancellation {unknown}
 u - a potion of ambrosia {unknown}
Books
 r - a book of the Tempests

   Spells                             Type                      Level
   a - Static Discharge               Conjuration/Air              3
   b - Lightning Bolt                 Conjuration/Air              5
   c - Fireball                       Conjuration/Fire             5
   d - Tornado                        Air                          9
   e - Shatter                        Earth                        9
Comestibles
 g - 2 meat rations
 i - a royal jelly


   Skills:
 + Level 3.2 Fighting
 + Level 4.8 Short Blades
 - Level 2.1 Throwing
 + Level 2.2 Dodging
 - Level 7.0 Stealth


You had 4 spell levels left.
You didn't know any spells.

Dungeon Overview and Level Annotations

Branches:
Dungeon (4/15)
 Temple: D:4-7

Altars:
Ashenzari
Dithmenos
Pakellas
Trog

Annotations:
D:3 Grinder


Innate Abilities, Weirdness & Mutations

You are small and have problems with some larger weapons.
You are carnivorous and can eat meat at any time.


Message History

* * * LOW HITPOINT WARNING * * *
Drink which item? (? for menu, Esc to quit)
A red film seems to cover your vision as you go berserk!
You feel yourself moving faster!
You feel mighty! The worker ant barely misses you.
You barely miss the worker ant.
The worker ant is moderately wounded.
The worker ant bites you.
* * * LOW HITPOINT WARNING * * *
You barely miss the worker ant.
The worker ant is moderately wounded.
You completely miss the worker ant.
The worker ant is moderately wounded.
The worker ant completely misses you.
You closely miss the worker ant.
The worker ant is moderately wounded.
You puncture the worker ant!
The worker ant is almost dead.
The worker ant bites you!
You die...

#######.##
#....##..#
#........######
#.......^......
#....[..#######
#####..##
##..## ##..##
#@### #a#....#
#.. ......#
.... .......
#.... .......
#.... ....$..
##... .......
##.. .......


You could see a worker ant.

Vanquished Creatures
  A hound (D:4)
  Robin (D:3)
  2 gnolls (D:1)
  2 adders (D:2)
  4 worms
  A dart slug (D:2)
  2 giant geckos
  An orc (D:3)
  11 bats
  6 giant cockroaches
  13 goblins
  16 hobgoblins
  5 kobolds
  A quokka (D:3)
  3 giant newts
  6 rats
75 creatures vanquished.

Notes
Turn   | Place    | Note
--------------------------------------------------------------
     0 | D:1      | Ijustatesigmund the Kobold Assassin began the quest for the Orb.
     0 | D:1      | Reached XP level 1. HP: 12/12 MP: 1/1
   289 | D:1      | Reached XP level 2. HP: 17/17 MP: 2/2
   435 | D:1      | Reached skill level 6 in Stealth
   435 | D:1      | Reached XP level 3. HP: 17/21 MP: 3/3
  1415 | D:1      | Reached XP level 4. HP: 26/26 MP: 4/4
  1481 | D:2      | Found an oddly glowing altar of Pakellas.
  1700 | D:2      | Noticed a moth of wrath
  1703 | D:2      | Found a bloodstained altar of Trog.
  1927 | D:2      | Reached skill level 7 in Stealth
  2182 | D:2      | Found a shattered altar of Ashenzari.
  2248 | D:2      | Reached XP level 5. HP: 31/31 MP: 5/5
  2504 | D:3      | Noticed Robin
  2873 | D:3      | Killed Robin
  2934 | D:3      | Found a shadowy altar of Dithmenos.
  3038 | D:3      | Noticed Grinder
  3148 | D:4      | Slain by a worker ant

Vault maps used:
D:1:      nicolae_arrival_somewhat_less_tricky_arrival, grunt_decor_arrowhead,
          hangedman_abyss_or_decor_stabs, nrook_loot_triangle,
          minmay_tree_intersection, minmay_misc_feat_five, st_stairs_9,
          minmay_misc_feat_iff
D:2:      lemuel_doored_altar, tgw_trog, grunt_pakellas_mercury
D:3:      nicolae_tso_swordbearing_angel, grunt_dithmenos_smoke_and_mirrors,
          first_bread, uniq_crazy_yiuf_cottage, uniq_robin, uniq_grinder
D:4:      lightli_minifort

Skill      XL: |  1  2  3  4  5 |
---------------+----------------+-----
Short Blades   | 3 4 |  4.8
Stealth        | 6 7 |  7.0
Fighting       | 3 |  3.2
Dodging        | 2 |  2.2
Throwing       | |  2.1

Action                   |  1- 3 |  4- 6 || total
-------------------------+-------+-------++-------
Melee: Dagger            |    74 |   198 ||   272
 Fire: Blowgun           |     8 |    17 ||    25
  Use: Scroll            |     4 |     6 ||    10
       Potion            |       |     1 ||     1
 Stab: Sleeping          |     5 |    10 ||    15
       Distracted        |       |     1 ||     1
  Eat: Chunk             |     6 |     9 ||    15
